 Dungeon Crawl Stone Soup version 0.26-a0-800-g517d6fe721 (webtiles) character file.

Game seed: 15480476441690178882

9094 jalala the Archer (level 11, -7/86 HPs)
             Began as a Gnoll Wanderer on Nov 11, 2020.
             Was an Elder of Nemelex Xobeh.
             Mangled by a yak (13 damage)
             ... on level 10 of the Dungeon.
             The game lasted 00:25:25 (11517 turns).

jalala the Archer (Gnoll Wanderer)                 Turns: 11517, Time: 00:25:26

Health: -7/86      AC: 12    Str: 16    XL:     11   Next: 41%
Magic:  20/20      EV: 18    Int: 17    God:    Nemelex Xobeh [****..]
Gold:   578        SH:  0    Dex: 14    Spells: 19/22 levels left

rFire    + . .     SeeInvis .   a - +4 halberd (elec)
rCold    . . .     Faith    .   (shield currently unavailable)
rNeg     . . .     Spirit   .   y - +0 ring mail
rPois    .         Reflect  .   (no helmet)
rElec    .         Harm     .   g - +2 cloak
rCorr    .         Rampage  .   T - +1 pair of gloves
MR       .....                  (no boots)
Stlth    +++.......             (no amulet)
HPRegen  0.24/turn              m - ring of protection from fire
MPRegen  0.17/turn              B - +4 ring of evasion

@: no status effects
A: distributed training, fangs 1, strong nose
a: Draw Escape, Draw Destruction, Draw Summoning, Triple Draw, Deal Four,
Renounce Religion


You were on level 10 of the Dungeon.
You worshipped Nemelex Xobeh.
Nemelex Xobeh was greatly pleased with you.
You visited 2 branches of the dungeon, and saw 11 of its levels.
You also visited: Ossuary and Bailey.

You collected 578 gold pieces.

Inventory:

Hand Weapons
 a - a +4 halberd of electrocution (weapon)
 b - a +0 shortbow of freezing
 c - a +0 hand crossbow
 d - a +4 scimitar of freezing
 e - a +0 hunting sling
Missiles
 h - 8 silver javelins
 i - 168 arrows
 j - 211 stones
 s - 52 bolts
 z - 42 poisoned darts
 D - 71 sling bullets
 H - 75 boomerangs
 L - a throwing net (quivered)
 O - 2 javelins
 U - 3 curare-tipped darts
Armour
 g - a +2 cloak (worn)
 r - a +0 kite shield
 y - a +0 ring mail (worn)
 T - a +1 pair of gloves (worn)
Jewellery
 m - a ring of protection from fire (left hand)
 B - a +4 ring of evasion (right hand)
 G - an uncursed ring of resist corrosion
Wands
 N - a wand of iceblast (6)
 Q - a wand of disintegration (32)
 S - a wand of flame (41)
Scrolls
 n - 3 scrolls of remove curse
 o - 2 scrolls of immolation
 q - 4 scrolls of teleportation {unknown}
 x - 4 scrolls of fog {unknown}
 E - a scroll of enchant weapon {unknown}
 F - 2 scrolls of enchant armour {unknown}
 M - a scroll of fear {unknown}
Potions
 f - 5 potions of haste
 k - 5 potions of heal wounds
 p - 2 potions of cancellation {unknown}
 t - a potion of ambrosia
 u - 4 potions of berserk rage
 v - 5 potions of magic
 w - 2 potions of attraction {unknown}
 A - 6 potions of mutation
 C - 3 potions of flight
 I - 3 potions of lignification {unknown}
 J - 2 potions of invisibility {unknown}
 K - 9 potions of curing
 P - a potion of experience {unknown}
 R - 2 potions of might {unknown}
Miscellaneous
 l - a phantom mirror
 V - a condenser vane


   Skills:
 + Level 7.8 Fighting
 + Level 6.2 Short Blades
 + Level 6.2 Long Blades
 + Level 6.2 Axes
 + Level 6.2 Maces & Flails
 + Level 6.2 Polearms
 + Level 6.2 Staves
 + Level 6.2 Slings
 + Level 10.5 Bows
 + Level 6.2 Crossbows
 + Level 6.8 Throwing
 + Level 7.8 Armour
 + Level 6.2 Dodging
 + Level 6.2 Stealth
 + Level 6.8 Shields
 + Level 6.2 Unarmed Combat
 + Level 6.2 Spellcasting
 + Level 5.2 Conjurations
 + Level 5.2 Hexes
 + Level 5.2 Summonings
 + Level 5.2 Necromancy
 + Level 5.2 Translocations
 + Level 5.2 Transmutations
 + Level 5.2 Fire Magic
 + Level 5.2 Ice Magic
 + Level 5.2 Air Magic
 + Level 5.2 Earth Magic
 + Level 5.2 Poison Magic
 + Level 6.9 Invocations
 + Level 6.2 Evocations


You had 19 spell levels left.
You knew the following spells:

 Your Spells              Type           Power        Failure   Level
a - Portal Projectile     Hex/Tloc       ###...       8%          3

Your spell library contained the following spells:

 Spells                   Type           Power        Failure   Level
 Corona                   Hex            ###....      2%          1
 Foxfire                  Conj/Fire      ###.         2%          1
 Freeze                   Ice            ###.         2%          1
 Sandblast                Erth           ###...       2%          1
 Passwall                 Tmut/Erth      ###.....     3%          2
 Slow                     Hex            ###.....     3%          2
 Conjure Flame            Conj/Fire      ###.....     8%          3
 Frozen Ramparts          Ice            ###...       8%          3
 Inner Flame              Hex/Fire       ###.....     8%          3
 Ozocubu's Armour         Ice            ###.....     8%          3
 Stone Arrow              Conj/Erth      ###...       8%          3
 Cause Fear               Hex            ###.......   26%         4
 Hailstorm                Conj/Ice       ###.....     26%         4
 Leda's Liquefaction      Hex/Erth       ###.......   26%         4
 Petrify                  Tmut/Erth      ###.....     26%         4
 Sticky Flame             Conj/Fire      ###.....     26%         4
 Summon Ice Beast         Ice/Summ       ###.....     26%         4
 Fireball                 Conj/Fire      ###.......   56%         5
 Lee's Rapid Deconstruct  Erth           ###.......   56%         5


Dungeon Overview and Level Annotations

Branches:
Dungeon (10/15)            Temple (1/1) D:4         Ossuary (visited)
 Bailey (visited)
   Lair: D:8-11         Orc: D:9-12

Altars:
Ashenzari
Cheibriados
Dithmenos
Elyvilon
Fedhas
Gozag
Hepliaklqana
Kikubaaqudgha
Makhleb
Nemelex Xobeh
Okawaru
Qazlal
Ru
Sif Muna
Trog
Uskayaw
Vehumet
Wu Jian
Xom
Yredelemnul
Zin
The Shining One

Shops:
D:4 ?   D:5 *


Innate Abilities, Weirdness & Mutations

Your experience applies equally to all skills.
You have very sharp teeth.
Your uncanny sense of smell can sniff out nearby items.


Message History

You puncture the yak! Lightning courses through the yak!
The yak is heavily wounded.
The yak gores you but does no damage.
You puncture the yak!
The yak is almost dead.
The yak gores you!
* * * LOW HITPOINT WARNING * * *
You hit the yak but do no damage.
The yak is almost dead.
The yak misses you.
You slice the yak!! Lightning courses through the yak!
You kill the yak!
You hit the yak.
The yak is lightly wounded.
The yak barely misses you.
You slash the yak!
The yak is moderately wounded.
The yak gores you!
You die...
Your body disappears without a glow.

∆ #.#####.'. #.#
#....##.#. #.#
#..#....#.
#.###+###.#.#.#.##
#.........#.#.#..
#..##.####.(# .##
#.####...##.# #
#.......#####
#@##.#.#.#
#Y#.#.####)
##Z.)....... ##
#..#######.#
#..#..# #.....#
#..##.#∆ ∆ #+##..#
....#


You could see a yak and a bullfrog zombie.

Vanquished Creatures
  Erolcha (D:9)
  3 two-headed ogres
  Pikel (D:8)
  An ugly thing (D:9)
  A black mamba (shapeshifter) (D:10)
  A troll (D:9)
  A hornet (D:8)
  A wraith (D:10)
  A wyvern (D:8)
  5 yaks (D:10)
  A swamp drake (D:2)
  3 sky beasts
  2 orc warriors
  2 black bears
  2 ice beasts
  2 phantoms
  2 ogres
  3 centaurs
  3 lemures (D:8)
  2 big kobolds
  A bullfrog (D:10)
  An elf zombie (Ossuary)
  A scorpion (D:6)
  2 water moccasin skeletons (D:9)
  5 killer bees
  5 wights (D:8)
  2 howler monkeys
  A quasit (D:8)
  2 bullfrog zombies
  3 centaur zombies (Ossuary)
  2 human zombies (Ossuary)
  A hound (D:4)
  4 jellies
  2 orc priests
  4 orc wizards
  2 bullfrog skeletons
  An iguana (D:6)
  2 worker ants
  A big kobold zombie (Ossuary)
  2 hound zombies
  A hound skeleton (D:10)
  2 mummies (Ossuary)
  2 worker ant zombies
  16 gnolls
  9 adders
  2 shadow imps
  7 white imps
  3 ufetubi
  An ooze (D:3)
  2 adder skeletons
  An adder zombie (Ossuary)
  2 worms
  5 dart slugs
  4 leopard geckos
  33 orcs
  2 ball pythons
  12 bats
  4 giant cockroaches
  7 goblins
  17 hobgoblins
  13 jackals
  19 kobolds
  4 quokkas
  A frilled lizard (D:1)
  3 goblin zombies (Ossuary)
  10 hobgoblin zombies (Ossuary)
  A jackal zombie (Ossuary)
  10 kobold zombies (Ossuary)
  A leopard gecko zombie (D:8)
  5 orc zombies (Ossuary)
  A quokka skeleton (D:6)
  4 rats
286 creatures vanquished.

Vanquished Creatures (collateral kills)
  A sky beast (D:5)
  A necrophage (D:5)
  A scorpion (D:5)
  An ufetubus (D:5)
4 creatures vanquished.

Vanquished Creatures (others)
  3 plants
3 creatures vanquished.

Grand Total: 293 creatures vanquished

Notes
Turn   | Place    | Note
-------+----------+-------------------------------------------
     0 | D:1      | jalala the Gnoll Wanderer began the quest for the Orb.
     0 | D:1      | jalala set off with the following items: a +2 dagger, 4
                  | curare-tipped darts, a +0 hand axe, a +0 ring mail
     0 | D:1      | Reached XP level 1. HP: 20/20 MP: 1/1
   125 | D:1      | Reached XP level 2. HP: 25/26 MP: 2/2
   471 | D:1      | Reached XP level 3. HP: 31/31 MP: 3/3
   777 | D:2      | Found a sparkling altar of Nemelex Xobeh.
   777 | D:2      | Found an ancient bone altar of Kikubaaqudgha.
   785 | D:2      | Found a faded altar of an unknown god.
   787 | D:2      | Found a faded altar of an unknown god.
   788 | D:2      | Found a shimmering blue altar of Sif Muna.
   802 | D:2      | Became a worshipper of Ru the Awakened
   819 | D:2      | Fell from the grace of Ru
   819 | D:2      | Became a worshipper of Nemelex Xobeh the Trickster
   819 | D:2      | Reached * piety under Nemelex Xobeh
   819 | D:2      | Received a gift from Nemelex Xobeh
  1100 | D:2      | Reached skill level 1 in Invocations
  1155 | D:2      | Reached skill level 1 in Short Blades
  1155 | D:2      | Reached skill level 1 in Long Blades
  1155 | D:2      | Reached skill level 1 in Axes
  1155 | D:2      | Reached skill level 1 in Maces & Flails
  1155 | D:2      | Reached skill level 1 in Polearms
  1155 | D:2      | Reached skill level 1 in Staves
  1155 | D:2      | Reached skill level 1 in Slings
  1155 | D:2      | Reached skill level 1 in Crossbows
  1155 | D:2      | Reached skill level 1 in Dodging
  1155 | D:2      | Reached skill level 1 in Stealth
  1155 | D:2      | Reached skill level 1 in Unarmed Combat
  1155 | D:2      | Reached skill level 1 in Spellcasting
  1155 | D:2      | Reached skill level 1 in Evocations
  1211 | D:2      | Reached XP level 4. HP: 32/38 MP: 5/5
  1275 | D:2      | Found a broken altar of Ashenzari.
  1548 | D:3      | Noticed a centaur
  1591 | D:2      | Noticed a swamp drake
  1591 | D:2      | a centaur changed into a swamp drake
  1592 | D:2      | Killed a swamp drake
  1592 | D:2      | Reached skill level 1 in Conjurations
  1592 | D:2      | Reached skill level 1 in Hexes
  1592 | D:2      | Reached skill level 1 in Summonings
  1592 | D:2      | Reached skill level 1 in Necromancy
  1592 | D:2      | Reached skill level 1 in Translocations
  1592 | D:2      | Reached skill level 1 in Transmutations
  1592 | D:2      | Reached skill level 1 in Fire Magic
  1592 | D:2      | Reached skill level 1 in Ice Magic
  1592 | D:2      | Reached skill level 1 in Air Magic
  1592 | D:2      | Reached skill level 1 in Earth Magic
  1592 | D:2      | Reached skill level 1 in Poison Magic
  1592 | D:2      | Reached XP level 5. HP: 5/43 MP: 5/7
  2235 | D:3      | Reached XP level 6. HP: 22/50 MP: 8/8
  2553 | D:3      | Reached ** piety under Nemelex Xobeh
  2711 | D:4      | Found Leminim's Magic Scroll Emporium.
  3247 | D:4      | Reached skill level 5 in Fighting
  3247 | D:4      | Reached skill level 5 in Armour
  3269 | D:4      | You fall into a shaft and drop 1 floor!
  3269 | D:5      | Entered Level 5 of the Dungeon
  3294 | D:5      | Found Fynus's Assorted Antiques.
  3304 | D:5      | Noticed a sky beast
  3308 | D:5      | Noticed a necrophage
  3315 | D:5      | Noticed a wyvern
  3315 | D:5      | Noticed a wyvern
  3319 | D:5      | Killed a necrophage
  3334 | D:5      | Killed a sky beast
  3334 | D:5      | Reached XP level 7. HP: 43/56 MP: 10/10
  3469 | D:5      | Learned a level 3 spell: Portal Projectile
  3554 | D:5      | Reached skill level 9 in Bows
  3716 | D:4      | Found a staircase to the Ecumenical Temple.
  4000 | Temple   | Entered the Ecumenical Temple
  4249 | D:5      | Reached XP level 8. HP: 59/63 MP: 12/12
  4374 | D:5      | Found a sacrificial altar of Ru.
  4695 | D:6      | Found a burning altar of Makhleb.
  4871 | D:6      | Reached *** piety under Nemelex Xobeh
  4907 | D:6      | Found a sand-covered staircase.
  4916 | Ossuary  | Entered an ossuary
  5688 | D:7      | Reached XP level 9. HP: 69/69 MP: 14/14
  5774 | D:6      | HP: 3/69 [poisoned by a killer bee]
  6773 | D:7      | Found a white marble altar of Elyvilon.
  7126 | D:8      | Found a flagged portal.
  7127 | D:8      | Noticed a two-headed ogre
  7156 | D:8      | Killed a two-headed ogre
  7156 | D:8      | Reached skill level 5 in Throwing
  7156 | D:8      | Reached skill level 5 in Shields
  7163 | D:8      | Reached skill level 5 in Invocations
  7212 | Bailey   | Entered a bailey
  8243 | D:8      | Noticed Pikel
  8263 | D:8      | Killed Pikel
  8263 | D:8      | Reached skill level 5 in Short Blades
  8263 | D:8      | Reached skill level 5 in Long Blades
  8263 | D:8      | Reached skill level 5 in Axes
  8263 | D:8      | Reached skill level 5 in Maces & Flails
  8263 | D:8      | Reached skill level 5 in Polearms
  8263 | D:8      | Reached skill level 5 in Staves
  8263 | D:8      | Reached skill level 5 in Slings
  8263 | D:8      | Reached skill level 5 in Crossbows
  8263 | D:8      | Reached skill level 5 in Dodging
  8263 | D:8      | Reached skill level 5 in Stealth
  8263 | D:8      | Reached skill level 5 in Unarmed Combat
  8263 | D:8      | Reached skill level 5 in Spellcasting
  8263 | D:8      | Reached skill level 5 in Evocations
  8263 | D:8      | Reached XP level 10. HP: 52/77 MP: 17/17
  8564 | D:8      | Received a gift from Nemelex Xobeh
  8730 | D:8      | Reached skill level 10 in Bows
  9051 | D:8      | Found an ornate altar of the Wu Jian Council.
  9075 | D:8      | Noticed a two-headed ogre
  9090 | D:8      | Killed a two-headed ogre
  9645 | D:9      | Reached **** piety under Nemelex Xobeh
  9751 | D:9      | Noticed Erolcha
  9871 | D:9      | Killed Erolcha
  9987 | D:9      | Received a gift from Nemelex Xobeh
 10114 | D:9      | Reached XP level 11. HP: 84/84 MP: 19/19
 10447 | D:10     | Entered Level 10 of the Dungeon
 10588 | D:10     | Noticed a red ugly thing
 10638 | D:9      | Killed a red ugly thing
 10638 | D:9      | Reached skill level 5 in Conjurations
 10638 | D:9      | Reached skill level 5 in Hexes
 10638 | D:9      | Reached skill level 5 in Summonings
 10638 | D:9      | Reached skill level 5 in Necromancy
 10638 | D:9      | Reached skill level 5 in Translocations
 10638 | D:9      | Reached skill level 5 in Transmutations
 10638 | D:9      | Reached skill level 5 in Fire Magic
 10638 | D:9      | Reached skill level 5 in Ice Magic
 10638 | D:9      | Reached skill level 5 in Air Magic
 10638 | D:9      | Reached skill level 5 in Earth Magic
 10638 | D:9      | Reached skill level 5 in Poison Magic
 11000 | D:10     | Noticed a two-headed ogre
 11013 | D:10     | Killed a two-headed ogre
 11455 | D:10     | Received a gift from Nemelex Xobeh
 11517 | D:10     | Mangled by a yak

Illustrated notes

Levels and vault maps discovered:
D:1:      giann_bridges, layout_rooms
D:2:      layout_basic, chequers_temple_overflow_minitemple,
          evilmike_ruin_ashenzari
D:3:      layout_basic, guppyfry_early_lair_pool
D:4:      layout_basic, minmay_temple_entry_slanted, serial_shops, shop_statue
D:5:      layout_rooms, basic_altar, serial_shops,
          nicolae_shop_overgrown_old_shop
D:6:      layout_basic, enter_ossuary_1, bloody_makhleb
D:7:      layout_rooms, nicolae_overflow_crystal_walls
D:8:      layout_basic, basic_altar, enter_bailey_6, dk_vineyard_3,
          minmay_misc_feat_x, uniq_pikel
D:9:      layout_roguey, uniq_erolcha
D:10:     layout_gridville, orc_0_dummy, minmay_shattered_shrine
Temple:   regret_index_temple_mists

Skill      XL: |  1  2  3  4  5  6  7  8  9 10 11 |
---------------+----------------------------------+-----
Invocations    | 1 2 3 4 5 6 |  6.9
Short Blades   | 1 2 3 5 6 |  6.2
Long Blades    | 1 2 3 5 6 |  6.2
Axes           | 1 2 3 5 6 |  6.2
Maces & Flails | 1 2 3 5 6 |  6.2
Polearms       | 1 2 3 5 6 |  6.2
Staves         | 1 2 3 5 6 |  6.2
Slings         | 1 2 3 5 6 |  6.2
Crossbows      | 1 2 3 5 6 |  6.2
Dodging        | 1 2 3 5 6 |  6.2
Stealth        | 1 2 3 5 6 |  6.2
Unarmed Combat | 1 2 3 5 6 |  6.2
Spellcasting   | 1 2 3 5 6 |  6.2
Evocations     | 1 2 3 5 6 |  6.2
Throwing       | 3 4 5 6 |  6.8
Shields        | 3 4 5 6 |  6.8
Conjurations   | 1 2 3 4 5 |  5.2
Hexes          | 1 2 3 4 5 |  5.2
Summonings     | 1 2 3 4 5 |  5.2
Necromancy     | 1 2 3 4 5 |  5.2
Translocations | 1 2 3 4 5 |  5.2
Transmutations | 1 2 3 4 5 |  5.2
Fire Magic     | 1 2 3 4 5 |  5.2
Ice Magic      | 1 2 3 4 5 |  5.2
Air Magic      | 1 2 3 4 5 |  5.2
Earth Magic    | 1 2 3 4 5 |  5.2
Poison Magic   | 1 2 3 4 5 |  5.2
Fighting       | 5 6 7 |  7.8
Armour         | 5 6 7 |  7.8
Bows           | 9 10 | 10.5

Action                   |  1- 3 |  4- 6 |  7- 9 | 10-12 || total
-------------------------+-------+-------+-------+-------++-------
Melee: Dagger            |   149 |   114 |       |       ||   263
       Bite              |    12 |    16 |    37 |    22 ||    87
       Flail             |       |    12 |   310 |       ||   322
       Punch             |       |       |     5 |       ||     5
       Halberd           |       |       |    66 |   196 ||   262
 Fire: Hunting sling     |    28 |     6 |       |       ||    34
       Shortbow          |       |    73 |   154 |    68 ||   295
       Hand crossbow     |       |     3 |       |       ||     3
Throw: Dart              |       |     1 |    18 |    14 ||    33
       Javelin           |       |       |       |     3 ||     3
       Throwing net      |       |       |       |     1 ||     1
 Cast: Portal Projectile |       |       |       |     1 ||     1
Invok: Draw Destruction  |       |     2 |       |     3 ||     5
       Draw Summoning    |       |     2 |       |       ||     2
       Draw Escape       |       |     1 |       |     2 ||     3
  Use: Scroll            |       |       |    10 |     4 ||    14
 Stab: Sleeping          |       |     1 |     6 |     5 ||    12
       Distracted        |       |       |     1 |       ||     1
Armor: Ring mail         |   113 |    64 |   128 |    51 ||   356
Dodge: Dodged            |   112 |    95 |   385 |   157 ||   749

Table legend: (Time is in decaauts)
 A = Elapsed time spent in this place.
 B = Non-inter-level travel time spent in this place.
 C = Inter-level travel time spent in this place.
 D = Time resting spent in this place.
 E = Time spent auto-exploring this place.
 F = Levels seen in this place.
 G = Mean time per level.
                   A        B        C        D        E       F      G
               +--------+--------+--------+--------+--------+-----+--------+
         Total |  11628 |  11373 |    255 |   2895 |   5747 |  13 |  894.5 |
       Dungeon |  10285 |  10052 |    233 |   2672 |   5099 |  10 | 1028.5 |
        Temple |    225 |    203 |     22 |      0 |    201 |   1 |  225.0 |
       Ossuary |    533 |    533 |      0 |      0 |    296 |   1 |  533.0 |
        Bailey |    584 |    584 |      0 |    223 |    150 |   1 |  584.0 |
               +--------+--------+--------+--------+--------+-----+--------+

Top non-repeatable levels by time:
     D:8: 1852 daAuts
     D:9: 1298 daAuts
     D:2: 1286 daAuts
     D:7: 1083 daAuts
     D:4: 1037 daAuts
     D:6: 936 daAuts
     D:3: 857 daAuts
    D:10: 705 daAuts
     D:5: 702 daAuts
  Bailey: 584 daAuts
 Ossuary: 533 daAuts
     D:1: 525 daAuts
  Temple: 225 daAuts
